[Event "SVK ECo-C Extraliga 2021-22"]
[Site "Slovakia"]
[Date "2022.05.09"]
[Round "8.2"]
[White "Bagi, Mate"]
[Black "Mrva, Martin"]
[Result "0-1"]
[ECO "B07"]
[WhiteElo "2466"]
[BlackElo "2384"]
[Annotator "TA"]
[PlyCount "134"]
[EventDate "2021.10.21"]
[EventType "team-tourn"]
[EventCountry "SVK"]
[SourceTitle "playchess.com"]
[Source "ChessBase"]
[SourceQuality "1"]
[TimeControl "40/5400+30:1800+30"]

1. e4 d6 2. d4 a6 3. Nf3 Nf6 4. Bd3 Nc6 5. c3 h6 6. Nbd2 {[%emt 0:03:25] B07: Pirc Defence: Miscellaneous Systems.} e5 7. h3 {[%emt 0:03:45] [#]} exd4 $146 ({Predecessor:} 7... g5 8. dxe5 dxe5 9. Nc4 Bd6 10. Ne3 Be6 11. Qc2 Qd7 12. Be2 Ne7 13. Nc4 Ng6 {1-0 (24) Alekseev,E (2602)-Protsenko,N (2024) Rostov on Don 2021}) 8. cxd4 {[%emt 0:00:58] White is better.} (8. Nxd4 Ne5 9. Bc2 c5 $11) 8... d5 9. e5 Nh7 10. a3 Ng5 11. b4 Ne6 12. Nb3 Be7 13. Be3 g5 14. g3 Ng7 15. Qc2 Be6 16. h4 {[%emt 0:13:24] And now hxg5 would win.} g4 17. Nfd2 Qd7 18. Bf1 (18. O-O $14) 18... Bf5 19. Qc3 f6 (19... Ne6 $11 {remains equal.}) 20. exf6 $1 $16 Bxf6 21. Bg2 (21. Nc5 $1 $16 Qe7 22. Ndb3) 21... Ne6 $11 {[%emt 0:02:49] ...0-0-0 is the strong threat.} 22. O-O Rd8 23. Rae1 (23. Nc5 $5 Ncxd4 24. Kh1 $11) 23... O-O 24. Nc5 (24. Bxh6 Ncxd4 $1 25. Qc1 Rf7 26. Nxd4 Nxd4 $15) 24... Nxc5 25. bxc5 Qg7 26. Nb3 Rfe8 27. Bf4 (27. Qd2 $5 ) 27... Rxe1 28. Rxe1 Nxd4 29. Nxd4 Bxd4 30. Qb3 (30. Qc1 $5 ) 30... c6 $36 {[%emt 0:00:49][%mdl 2048] Black is more active.} 31. Bd6 (31. Be4 $1 $15 Bxe4 32. Rxe4) 31... Rd7 32. Kh2 Rf7 (32... Bxf2 33. Rf1 $16) 33. Re2 Kh7 34. Qd1 (34. f4 $17) 34... h5 ({Black should try} 34... Bg6 $1 $19 35. Ra2 Bxf2 36. Qxg4 Qd4 37. Qxd4 Bxd4) 35. Qd2 (35. f4 $17 {was called for.}) 35... Bg6 $19 36. Qg5 (36. Qe1 {was necessary.}) 36... Qf6 ({Wrong is} 36... Bxf2 $2 37. Be5 Qh6 38. Qxh6+ Kxh6 39. Bf4+ Rxf4 40. gxf4 Bxc5 41. Rb2 $19) (36... Rxf2 $142 37. Re7 Rf7) 37. Qd2 b6 $2 (37... Bc3 $19 38. Qc1 Ba1) 38. cxb6 $11 Bxb6 (38... Qxd6 39. Qxd4 Re7 40. Qf4 $18) 39. Be5 Qd8 40. Kg1 {[%emt 0:00:55] [#]} (40. Bf4 $11) 40... Qf8 ({Black should play} 40... d4 $1 $17 41. Bf4 (41. Bxc6 $2 d3 $19) 41... d3) 41. Qb2 Qc5 42. Bf4 {[%emt 0:05:01] [#]} Qb5 (42... Rxf4 $1 $15 43. gxf4 g3) 43. Qxb5 axb5 44. Re6 Bc5 45. Rxc6 Bxa3 46. Bxd5 Rd7 47. Bb3 Bf8 48. Be5 Be4 49. Rc7 Rxc7 50. Bxc7 {[%emt 0:00:05][%mdl 4096] Endgame KBB-KBB} Kg6 51. Kf1 Bc5 52. Be5 Bd3+ 53. Ke1 Bc4 54. Bc2+ Kf7 55. Be4 b4 56. f3 Ke6 57. Bb2 Bd5 58. Bxd5+ Kxd5 59. fxg4 hxg4 {[%emt 0:00:05] KB-KB} 60. Bg7 $2 (60. h5 $11 Be3 61. Kd1) 60... b3 $2 (60... Bd6 $19 61. h5 Bxg3+ 62. Kd1 Ke6) 61. h5 {[%emt 0:00:41] Strongly threatening h6.} Be3 62. Ke2 Ke4 63. Bb2 Bh6 64. Bc3 Bc1 65. Kd1 Ba3 66. h6 $2 (66. Kd2 $11 Kf5 67. Bd4 (67. h6 $2 Kg6 $19)) 66... Kd3 $19 (66... b2 $2 67. Kc2 Kf3 68. h7 $18) 67. Ke1 Bb4 {[%emt 0:00:25] Weighted Error Value: White=0.34/Black=0.31} (67... Kxc3 $2 68. h7 Kc4 69. h8=Q $18) 0-1

[Event "SVK ECo-C Extraliga 2021-22"]
[Site "Slovakia"]
[Date "2022.05.08"]
[Round "8.2"]
[White "Cernousek, Lukas"]
[Black "Zilka, Stepan"]
[Result "1/2-1/2"]
[ECO "D37"]
[WhiteElo "2451"]
[BlackElo "2609"]
[Annotator "TA"]
[PlyCount "25"]
[EventDate "2021.10.21"]
[EventType "team-tourn"]
[EventCountry "SVK"]
[SourceTitle "playchess.com"]
[Source "ChessBase"]
[SourceQuality "1"]
[TimeControl "40/5400+30:1800+30"]

1. d4 d5 2. c4 e6 3. Nf3 Nf6 4. Nc3 h6 5. g3 Nbd7 6. Bg2 {[%emt 0:00:30] D37: Queen's Gambit Declined: 5 Bf4.} Be7 7. O-O O-O 8. Ne5 {[%emt 0:07:50] White is slightly better.} c6 9. e4 Nxe4 10. Nxe4 dxe4 11. Bxe4 {[%emt 0:01:10] [#]} f5 $146 {[%emt 0:08:24] [#] White must now prevent ...Nxe5.} ({Predecessor:} 11... Nxe5 12. dxe5 Qxd1 13. Rxd1 Rd8 14. Rxd8+ Bxd8 15. Be3 Kf8 16. Rd1 Ke8 17. b4 a6 {1-0 (36) Dimitrijevic,A (2164)-Attieh,W (1823) Beirut 2019}) 12. Bg2 Nxe5 13. dxe5 {[%emt 0:00:12] Weighted Error Value: White=0.06 (flawless) /Black=0.04 (flawless)} 1/2-1/2

[Event "SVK ECo-C Extraliga 2021-22"]
[Site "Slovakia"]
[Date "2022.05.08"]
[Round "8.2"]
[White "Pulpan, Jakub"]
[Black "Kraus, Tomas"]
[Result "1/2-1/2"]
[ECO "A06"]
[WhiteElo "2418"]
[BlackElo "2477"]
[Annotator "TA"]
[PlyCount "120"]
[EventDate "2021.10.21"]
[EventType "team-tourn"]
[EventCountry "SVK"]
[SourceTitle "playchess.com"]
[Source "ChessBase"]
[SourceQuality "1"]
[TimeControl "40/5400+30:1800+30"]

1. Nf3 d5 2. b3 Bf5 3. Bb2 e6 4. e3 Nf6 5. d4 Nbd7 6. Nbd2 {[%emt 0:07:15] D04: Colle System.} Bd6 7. Be2 h6 8. O-O Qe7 9. Ne5 O-O 10. c4 c6 11. a3 a5 {[%emt 0:02:54] [#]} 12. Bf3 $146 ({Predecessor:} 12. Qc1 Ne4 13. Nxe4 Bxe4 14. f3 Bh7 15. Nxd7 Qxd7 {½-½ (15) Piskov,Y (2452)-Shumiakina,T (2363) Hoogeveen 2006}) 12... Rfd8 13. Nxd7 Rxd7 14. Re1 b5 15. cxb5 (15. c5 $11 Bb8 16. Be2) 15... cxb5 $17 16. Qe2 Rc7 17. e4 dxe4 (17... Nxe4 {is interesting.} 18. Bxe4 dxe4 19. Nxe4 Rac8) 18. Bxe4 Nxe4 19. Nxe4 Bxe4 20. Qxe4 Rd8 21. g3 Qg5 22. h4 Qh5 23. Rac1 Rdc8 24. Rxc7 Rxc7 25. Kg2 Qd5 26. Qxd5 exd5 $15 {[%emt 0:00:02][%mdl 4096] Endgame KRB-KRB} 27. Rc1 {[%emt 0:01:18] Inhibits Rc2.} a4 {[%emt 0:02:09] Hoping for ...Rxc1.} 28. Rxc7 Bxc7 {[%emt 0:00:04] KB-KB} 29. b4 h5 30. Bc1 Kh7 31. f3 Kg6 32. f4 Kf5 33. Kf3 Bb6 34. Be3 f6 35. Bf2 g5 36. fxg5 $1 fxg5 37. hxg5 Kxg5 38. Be3+ (38. Bg1 $1 $11) 38... Kf5 39. Bf2 Bd8 $1 40. Be3 Be7 41. Bf2 Bf8 42. Be3 Bg7 43. Bg1 Bh8 44. Be3 (44. Bf2 $1 $11 {keeps the balance.}) 44... Bf6 $17 45. Bf2 {[%emt 0:00:40] [#]} Bg5 (45... Kg6 $1 $17 46. Be3 h4 47. gxh4 Bxh4) 46. Be3 $11 Be7 47. Bf2 {[%emt 0:04:49] [#]} (47. Bd2 $11) 47... Bd6 ({Black should try} 47... Kg6 $1 $17 48. Kf4 Bg5+ 49. Ke5 Bc1 50. Kxd5 Bxa3) 48. Be3 {[%emt 0:00:52] The position is equal.} Bf8 49. Bf2 Bh6 {[%emt 0:00:16] And now ...Bc1 would win.} 50. Be3 {[%emt 0:00:06] Against Bc1} Bg5 51. Bxg5 Kxg5 {[%emt 0:00:05] KP-KP} 52. Ke3 Kg4 (52... Kf5 $5) 53. Kf2 Kf5 54. Kf3 Kg5 55. Ke3 Kg4 (55... Kf5 $5) 56. Kf2 h4 57. gxh4 Kxh4 58. Kf3 {[%emt 0:00:07] Intending Kf4 and mate.} Kg5 59. Kg3 $1 Kf5 {[%emt 0:00:04] ( -> ...Ke4)} 60. Kf3 Kg5 $1 {[%emt 0:00:35] Weighted Error Value: White=0.12 (very precise) /Black=0.07 (flawless)} 1/2-1/2

[Event "SVK ECo-C Extraliga 2021-22"]
[Site "Slovakia"]
[Date "2022.05.08"]
[Round "8.2"]
[White "Jurcik, Marian"]
[Black "Hrabusa, Matej"]
[Result "1-0"]
[ECO "B92"]
[WhiteElo "2407"]
[BlackElo "2361"]
[Annotator "TA"]
[PlyCount "87"]
[EventDate "2021.10.21"]
[EventType "team-tourn"]
[EventCountry "SVK"]
[SourceTitle "playchess.com"]
[Source "ChessBase"]
[SourceQuality "1"]
[TimeControl "40/5400+30:1800+30"]

1. e4 c5 2. Nf3 d6 3. d4 cxd4 4. Nxd4 Nf6 5. Nc3 a6 6. Be2 e5 7. Nf3 Be7 8. Bg5 Nbd7 9. a4 $1 {[%emt 0:01:22] 9.a4 is better than 9.0-0.} O-O 10. O-O h6 {[%emt 0:10:58] B92: Sicilian Najdorf: 6 Be2.} 11. Be3 Ng4 12. Bc1 Ngf6 {[%emt 0:01:14] The position is equal.} 13. Be3 Ng4 14. Bc1 Ngf6 15. b3 Nc5 16. Nd2 Be6 17. Bb2 Qc7 18. Re1 Rac8 19. Bf3 Rfd8 {[%emt 0:05:09] [#]} 20. Qe2 $146 ({Predecessor:} 20. a5 Qc6 21. Qe2 Ncd7 22. Red1 Nf8 23. Nf1 Ng6 24. g3 Rc7 25. Ne3 Rdc8 26. Ncd5 Bxd5 27. exd5 Qd7 28. c4 {0-1 (72) Grischuk,A (2766)-Vachier Lagrave,M (2779) Saint Louis 2018}) 20... Bd7 21. Nc4 Ne6 22. Qd3 (22. a5 $5 ) 22... b5 23. axb5 axb5 24. Ne3 Nf4 25. Qd2 b4 26. Na2 Bc6 (26... d5 $11 27. exd5 (27. Nxd5 $2 N6xd5 28. exd5 Qxc2 $17) 27... e4) 27. Nf5 $16 {[%emt 0:01:40] White now steadily converts the win.} ({Wrong is} 27. Qxb4 $2 d5 28. Nxd5 N6xd5 $19) (27. Nxb4 $6 Bxe4 28. Bxe4 Nxe4 $11) 27... Bf8 28. Nxb4 g6 {[%emt 0:08:01] [#]} ({Black should play} 28... Bb7) 29. Nd4 $1 {[%emt 0:04:35][%mdl 512] White is more active.} Be8 (29... Bd7 30. Ne2) 30. Ne2 Ne6 31. Nc3 Ng5 {[%emt 0:03:35] [#]} 32. Bd1 $1 Qb7 33. Nbd5 Nxd5 34. Nxd5 ({Don't take} 34. exd5 f5 $16) 34... Bc6 35. c4 Rb8 (35... Bg7 $142 36. Bc2 Re8) 36. f4 $18 Bxd5 37. exd5 ({Don't do} 37. cxd5 Nh7 38. fxe5 Bg7 39. exd6 Qb6+ 40. Kh1 Bxb2 41. Qxb2 Qxd6 $18) 37... exf4 38. Qc3 f6 39. Qxf6 Bg7 {[%emt 0:00:35] Against Qh8+} (39... Qg7 $142 40. Qxd8 Rxd8 41. Bxg7 Bxg7) 40. Qxg6 Qb6+ (40... Qf7 $142 41. Qxg7+ Qxg7 42. Bxg7 Kxg7 43. Ra7+ Kg8) 41. Kf1 Rb7 42. Re8+ {[%emt 0:01:20] White mates.} Rxe8 43. Qxe8+ Bf8 44. Qg6+ {[%emt 0:00:00] Weighted Error Value: White=0.08 (flawless) /Black=0.44} 1-0

[Event "SVK ECo-C Extraliga 2021-22"]
[Site "Slovakia"]
[Date "2022.05.08"]
[Round "8.2"]
[White "Kostolansky, Sebastian Lukas"]
[Black "Neugebauer, Martin"]
[Result "1/2-1/2"]
[ECO "B51"]
[WhiteElo "2395"]
[BlackElo "2502"]
[Annotator "TA"]
[PlyCount "116"]
[EventDate "2021.10.21"]
[EventType "team-tourn"]
[EventCountry "SVK"]
[SourceTitle "playchess.com"]
[Source "ChessBase"]
[SourceQuality "1"]
[TimeControl "40/5400+30:1800+30"]

1. e4 c5 2. Nf3 d6 3. Bb5+ Nd7 4. O-O a6 5. Bd3 Ngf6 6. Re1 {[%emt 0:04:37] B51: Sicilian: Moscow Variation (3 Bb5+) without 3...Bd7.} e6 {[%emt 0:04:10] 6...e6 is better than 6...b5.} 7. c3 b5 8. Bc2 {[%emt 0:00:29] The position is equal.} c4 9. d4 cxd3 $1 10. Qxd3 Bb7 11. a4 Nc5 12. Qe2 bxa4 13. Be3 (13. e5 {is interesting.} dxe5 14. Nxe5 Qd5 15. f3) 13... Nfxe4 14. Nbd2 Nxd2 15. Nxd2 {[%emt 0:00:33] [#]} Nd7 $146 ({Predecessor:} 15... Rc8 16. Bxc5 Rxc5 17. Bxa4+ Ke7 18. Nb3 Rg5 19. g3 g6 20. Qc4 Bg7 21. Rad1 Qb6 {0-1 (45) Amin,B (2704)-So,W (2754) Abidjan 2019}) 16. Bxa4 (16. Bd4 $14) 16... Be7 $11 17. Nc4 {[%emt 0:00:38] aiming for Nb6.} O-O 18. Red1 Qc7 19. Bf4 e5 {[%emt 0:08:02] [#]} (19... Nb6 $15 20. Nxb6 (20. Nxd6 $2 Nxa4 21. Nxb7 Qxf4 $19) (20. Bxd6 Bxd6 21. Nxd6 Bd5 $17) 20... Qxb6) 20. Nxe5 $1 $14 Nc5 {[%emt 0:03:29] [#]} (20... Nb6 21. Nf3) 21. Nf3 (21. Nc6 $1 $14 Rae8 (21... Rfe8 22. Nxe7+) 22. Qc4 $1 Nxa4 23. Nxe7+ Qxe7 24. Qxa4 (24. Rxa4 Qd7 $11)) 21... Nxa4 $11 22. Rxa4 Rfe8 23. Qd3 a5 24. h3 ({Don't blunder} 24. Bxd6 $2 Bxd6 25. Rd4 (25. Qxd6 $2 Rad8 $19) 25... Bxf3 26. Qxf3 Bxh2+ 27. Kh1 Be5 $19) 24... Bc6 {[%emt 0:02:05] A strong pair of Bishops.} 25. Rd4 Qb7 26. Rd2 h6 27. Kh2 Rad8 ({Black should try} 27... Bf6 $1 $17 {Hoping for ...Bxf3.} 28. Rxd6 Be7) 28. Bxd6 (28. Bg3 {feels hotter.} Bf6 29. Rxd6 Rxd6 30. Qxd6 Bxf3 31. gxf3 Rd8 32. Qf4) 28... Be4 29. Rxe4 (29. Qe3 $1 $11 {keeps the balance.}) 29... Bxd6+ $17 30. Qxd6 Qxe4 31. Qxd8 Rxd8 32. Rxd8+ $11 {[%emt 0:00:05][%mdl 4096] Endgame KQ-KRN} Kh7 {[%emt 0:00:03] ...Qf4+ is the strong threat.} 33. Rd4 Qb7 {[%emt 0:00:32][%mdl 1024] Black has strong compensation.} 34. Rd2 g5 35. Nd4 Qe4 {[%emt 0:00:23] Threatens to win with ...Qf4+.} 36. Re2 Qf4+ 37. g3 Qd6 38. Kg2 f5 39. Kg1 f4 40. g4 Qd5 41. f3 (41. Re7+ $11 {remains equal.} Kg8 42. Re8+ Kf7 43. Rb8) 41... Qa2 $17 42. Kg2 Qb1 43. Nf5 Qd1 44. Rf2 a4 45. Rf1 Qd3 46. Rf2 Kg6 47. Ne7+ Kf6 48. Ng8+ {[%emt 0:00:28] [#]} Kg7 $1 49. Ne7 Kf7 50. Nf5 h5 $1 51. Nd4 h4 52. Re2 (52. Nf5 $142) 52... Qd1 (52... a3 $142 $1 {[%cal Od3e2] Strongly threatening ...Qxe2+!} 53. bxa3 Qxc3) 53. Re5 (53. Rc2 $142) 53... Qc1 54. Re2 Qb1 (54... a3 $142 55. bxa3 Qxc3) 55. Ne6 {[%emt 0:00:59] [#]} Qd1 $1 56. Nd4 Kf6 57. Re6+ Kf7 58. Re2 Kf6 {Weighted Error Value: White=0.15 (very precise) /Black=0.13 (very precise)} ({Better is} 58... Qd3 $17) 1/2-1/2

[Event "SVK ECo-C Extraliga 2021-22"]
[Site "Slovakia"]
[Date "2022.05.08"]
[Round "8.3"]
[White "Leniart, Arkadiusz"]
[Black "Ponizil, Cyril"]
[Result "1/2-1/2"]
[ECO "B47"]
[WhiteElo "2473"]
[BlackElo "2490"]
[Annotator "TA"]
[PlyCount "61"]
[EventDate "2021.10.21"]
[EventType "team-tourn"]
[EventCountry "SVK"]
[SourceTitle "playchess.com"]
[Source "ChessBase"]
[SourceQuality "1"]
[TimeControl "40/5400+30:1800+30"]

1. e4 c5 2. Nc3 Nc6 3. Nge2 e6 4. d4 cxd4 5. Nxd4 Qc7 6. g3 Nf6 7. Bg2 a6 8. O-O Nxd4 9. Qxd4 Bc5 10. Bf4 d6 11. Qd2 h6 12. Rad1 e5 13. Be3 Be6 {[%emt 0:00:03] B47: Sicilian: Taimanov: 5 Nc3 Qc7 6 f4, 6 g3 and 6 Be2.} 14. Bxc5 dxc5 15. Nd5 Bxd5 {[%emt 0:00:04] White is slightly better.} 16. exd5 {[%emt 0:00:06] [#] Threatens to win with d6.} Qd6 17. f4 {[%emt 0:04:11] Black must now prevent fxe5.} O-O 18. fxe5 Qxe5 19. c4 {[%emt 0:00:33] White wants to play d6.} Qd6 20. Qf4 Rad8 21. Qxd6 (21. b4 $5 Qxf4 22. Rxf4 $14) 21... Rxd6 22. Rfe1 Rfd8 {[%emt 0:08:54] [#]} 23. Re3 $146 ({Predecessor:} 23. a4 a5 24. Rd3 Re8 25. Rxe8+ Nxe8 26. Rb3 b6 27. Bh3 Kf8 28. Bc8 Rd8 29. Bb7 Nd6 30. Rxb6 Nxc4 31. Ra6 Nxb2 32. Rxa5 c4 33. Rc5 Nxa4 {½-½ (33) Sivokho,S (2494)-Vekshenkov,N (2417) Togliatti 2003}) 23... b6 {[%emt 0:03:37] The position is equal.} 24. Ra3 a5 25. Re3 Kf8 26. a3 Re8 27. Rxe8+ Nxe8 28. Be4 Rd8 29. Bd3 Nd6 30. Kf2 Ke7 31. Ke3 {[%emt 0:03:07] Weighted Error Value: White=0.07 (flawless) /Black=0.04 (flawless)} 1/2-1/2

[Event "SVK ECo-C Extraliga 2021-22"]
[Site "Slovakia"]
[Date "2022.05.08"]
[Round "8.3"]
[White "Smolen, Jan"]
[Black "Berezjuk, Sergej"]
[Result "1/2-1/2"]
[ECO "A09"]
[WhiteElo "2410"]
[BlackElo "2382"]
[Annotator "TA"]
[PlyCount "80"]
[EventDate "2021.10.21"]
[EventType "team-tourn"]
[EventCountry "SVK"]
[SourceTitle "playchess.com"]
[Source "ChessBase"]
[SourceQuality "1"]
[TimeControl "40/5400+30:1800+30"]

1. Nf3 d5 2. c4 d4 3. b4 g5 4. d3 g4 5. Nfd2 e5 {[%emt 0:02:20] [#]} 6. b5 $146 {[%emt 0:03:04] A09: Réti Opening: 1 Nf3 d5 2 c4.} ({Predecessor:} 6. g3 Bxb4 7. Bg2 Nc6 8. O-O Be7 9. Nb3 f5 10. e3 dxe3 11. Bxe3 Nf6 12. Nc3 {0-1 (38) Maghsoodloo,P (2698)-Sadhwani,R (2555) Chess.com INT 2021}) 6... a6 7. g3 (7. e4 $15) 7... axb5 $17 8. Bg2 {[%emt 0:04:20] Black is better.} b4 9. O-O h5 10. Nb3 Nc6 11. e3 Bg7 (11... dxe3 $1 $17 12. Bxe3 Nge7) 12. a3 (12. Bxc6+ $11 bxc6 13. exd4) 12... Nge7 (12... dxe3 $1 $17 13. Bxe3 Bf5 14. axb4 Rxa1 15. Nxa1 Bxd3) 13. exd4 $1 $15 Nxd4 14. axb4 ({White should play} 14. Bb2 $15) 14... Rxa1 $17 15. Nxa1 {[%emt 0:00:03] [#]} O-O (15... Bf5 $1 $17 {[%cal Rf5d3] aiming for ...Bxd3!} 16. Be4 Nf3+ 17. Kh1 h4) 16. Nc2 Nef5 17. Nc3 Nxc2 18. Qxc2 Nd4 19. Qd1 c6 $36 {[%emt 0:00:24][%mdl 2048] Black has some pressure.} 20. Ne4 f5 21. Bg5 Qc7 22. Nc5 f4 {[%emt 0:03:54] Threatens to win with ...f3.} 23. Be4 Bf5 24. Nb3 Ne6 25. Bh4 Qf7 26. Qe2 Bxe4 27. Qxe4 {[%emt 0:00:34] [#]} fxg3 ({Better is} 27... Ra8 $1 $17 {Hoping for ...Ra3.} 28. Qe2 Ra4) 28. hxg3 $11 Bf6 {[%emt 0:01:16] The position is equal.} 29. Nc5 (29. Bxf6 {is interesting.} Qxf6 30. Nc5 Ng5 31. Qe2) 29... Nxc5 30. bxc5 Bxh4 31. gxh4 {[%emt 0:00:04][%mdl 4096] Endgame KQR-KQR} Qf6 32. Qe3 Kh7 (32... Rf7 {is more complex.} 33. Kg2 g3 34. Kg1 Qf5) 33. Qg3 Qf4 34. Qxf4 Rxf4 {[%emt 0:00:43] KR-KR} 35. Re1 Rf5 36. Rb1 Rf7 37. Re1 Rf5 38. Rb1 Rf7 39. Re1 Rf5 40. Rb1 Rf7 {[%emt 0:00:16] Weighted Error Value: White=0.16 (very precise) /Black=0.17 (very precise)} 1/2-1/2

[Event "SVK ECo-C Extraliga 2021-22"]
[Site "Slovakia"]
[Date "2022.05.09"]
[Round "8.3"]
[White "Straubinger, Daniel"]
[Black "Balogh, Csaba"]
[Result "0-1"]
[ECO "C47"]
[WhiteElo "2352"]
[BlackElo "2586"]
[Annotator "TA"]
[PlyCount "60"]
[EventDate "2021.10.21"]
[EventType "team-tourn"]
[EventCountry "SVK"]
[SourceTitle "playchess.com"]
[Source "ChessBase"]
[SourceQuality "1"]
[TimeControl "40/5400+30:1800+30"]

1. e4 e5 2. Nf3 Nc6 3. Nc3 Nf6 4. d4 exd4 5. Nxd4 Bc5 6. Be3 Bb6 7. Nxc6 {[%emt 0:06:47] 7.Qd2 is more fashionable.} bxc6 {[%emt 0:03:11] C47: Scotch Four Knights and Four Knights with 4 g3.} 8. Qd2 O-O 9. f3 d5 {[%emt 0:09:04] Strongly threatening ...Bxe3. The position is equal.} 10. O-O-O $1 Be6 11. Qe1 {[%emt 0:32:42] [#]} Nd7 $146 ({Predecessor:} 11... h6 12. g4 Nd7 13. h4 Re8 14. g5 h5 15. Bf4 Ba5 16. Be2 Nb6 17. a3 c5 18. exd5 Bxd5 {1-0 (29) Herzog,K (2048)-Elwood,D (1908) ICCF email 2019}) 12. Kb1 Re8 13. h4 (13. exd5 $2 Bxd5 14. Rd3 Ne5 $17) 13... Rb8 14. Ka1 ({Better is} 14. b3 $11) 14... Qe7 (14... Ba5 $15) 15. Na4 (15. Bc1 $11) 15... dxe4 $1 $17 16. Bg5 f6 17. Bc1 exf3 18. gxf3 Bd5 19. Qg3 Ne5 20. Be2 Ng6 21. Bd3 Qd6 22. Qh3 Be3 {[%emt 0:05:33] Threatens to win with ...Bxc1. Black is much more active.} 23. Bxg6 hxg6 24. h5 (24. Bxe3 $17 Rxe3 25. c4) 24... Bxc1 $19 ({And not} 24... g5 25. h6 Qe6 26. hxg7 Qxh3 27. Rxh3 Kxg7 28. b3) 25. Rxc1 g5 {[%emt 0:01:23] White must now prevent ...Rb4.} 26. h6 {[%emt 0:00:13] Hoping for hxg7.} g6 {[%emt 0:00:13] ...Rb4 is the strong threat.} 27. Nc3 $2 {[%emt 0:03:17] [#]} (27. Rhd1) 27... Rxb2 $3 {[%emt 0:01:27][%mdl 512] ( -> ...Qa3)} 28. Rhe1 (28. Rb1 Rxc2) 28... Rbb8 (28... Reb8 $142 29. h7+ Kh8 30. Qd7 Qxd7 31. Rb1 Rxb1+ 32. Rxb1 Rxb1+ 33. Kxb1 Bxf3 34. Kb2 g4 35. Nb1 g3 36. Kc3 g2 37. Nd2 {[#]} g1=Q $1 38. Nb3 Qb1 39. Nd4 c5 $1 40. Nb3 Qd4+ $3 41. Nxd4 Qb4+ 42. Kd3 Qxd4#) 29. Qg4 Rxe1 30. Rxe1 Qa3 {[%emt 0:00:14] Weighted Error Value: White=0.96/Black=0.30} 0-1

[Event "SVK ECo-C Extraliga 2021-22"]
[Site "Slovakia"]
[Date "2022.05.09"]
[Round "8.3"]
[White "Krak, Tomas"]
[Black "Bokros Albert"]
[Result "0-1"]
[ECO "B80"]
[WhiteElo "2332"]
[BlackElo "2457"]
[Annotator "TA"]
[PlyCount "60"]
[EventDate "2021.10.21"]
[EventType "team-tourn"]
[EventCountry "SVK"]
[SourceTitle "playchess.com"]
[Source "ChessBase"]
[SourceQuality "1"]
[TimeControl "40/5400+30:1800+30"]

1. e4 c5 2. Nf3 e6 3. Nc3 a6 4. d4 cxd4 5. Nxd4 d6 6. Be3 Nf6 7. Qf3 {[%emt 0:03:02] 7.Be2 is becoming the main line.} Nbd7 8. Be2 {[%emt 0:01:30] B80: Sicilian Scheveningen: 6 g3 and 6 Be3, including English Attack.} Be7 (8... Qc7 $11 {remains equal.}) 9. g4 $16 Ne5 10. Qg2 {[%emt 0:04:16] White is better.} Qc7 11. g5 Nfd7 12. f4 Nc4 13. Bxc4 Qxc4 14. O-O-O $1 b5 $1 {[%emt 0:03:46] [#]} 15. Kb1 $146 ({Predecessor:} 15. e5 d5 16. g6 hxg6 17. Nxe6 fxe6 18. Qxg6+ Kd8 19. f5 b4 20. Nxd5 exd5 21. Qxg7 {0-1 (40) Hanley,C (2452)-Antova,G (2263) Caleta 2019}) 15... Bb7 16. f5 b4 (16... g6 $14) 17. Na4 {[%emt 0:15:29][%cal Bc3a4,Ba4b2,Bb2c4,Bc4b6][%mdl 32] Black must now prevent fxe6.} e5 {[%emt 0:13:47] [#]} 18. b3 (18. f6 $1 $16 exd4 19. Rxd4) 18... Qc7 $11 19. Ne2 {[%emt 0:00:38] Pair of Knights!} Bc6 20. Nb2 a5 ({Better is} 20... h6 $11) 21. Ng3 {[%emt 0:08:54][%cal Of5f6] Hoping for f6!} a4 22. f6 gxf6 23. Nc4 {[%emt 0:07:42] Threatens to win with Nf5.} Bb5 $1 (23... fxg5 24. Nf5 axb3 25. Ncxd6+ (25. axb3 Rg8 $16) 25... Kf8 26. cxb3 Bxd6 27. Nxd6 $18) (23... axb3 24. cxb3 Rg8 25. Rhf1 $11) 24. gxf6 Nxf6 25. Nb6 Ra6 26. Nf5 $2 (26. Nd5 $17 {might work better.} Nxd5 27. Rxd5) 26... Rg8 $2 ({Don't blunder} 26... Rxb6 $2 27. Bxb6 Qxb6 28. Qf3 $19) (26... axb3 $19 27. cxb3 Qc3) 27. Ng7+ $2 {[%emt 0:00:09][%mdl 8192] [#]} (27. Nd5 $16 Rxg2 28. Nxc7+ Kd7 29. Nxb5) 27... Rxg7 $1 $19 {[%emt 0:08:09][%mdl 512] Black is clearly winning.} 28. Qxg7 axb3 29. Qh8+ Bf8 30. cxb3 Nxe4 {[%emt 0:00:51] Weighted Error Value: White=0.50/Black=0.37} 0-1

[Event "SVK ECo-C Extraliga 2021-22"]
[Site "Slovakia"]
[Date "2022.05.08"]
[Round "8.3"]
[White "Haring, Viktor"]
[Black "Jurcik, Martin"]
[Result "1/2-1/2"]
[ECO "C07"]
[WhiteElo "2259"]
[BlackElo "2393"]
[Annotator "TA"]
[PlyCount "51"]
[EventDate "2021.10.21"]
[EventType "team-tourn"]
[EventCountry "SVK"]
[SourceTitle "playchess.com"]
[Source "ChessBase"]
[SourceQuality "1"]
[TimeControl "40/5400+30:1800+30"]

1. e4 e6 2. d4 d5 3. Nd2 c5 4. exd5 Qxd5 5. Ngf3 cxd4 6. Bc4 Qd7 {[%emt 0:01:11] C07: French Tarrasch: 3...c5, 4 Ngf3 and 4 exd5 Qxd5.} 7. O-O Nc6 8. Nb3 a6 {[%emt 0:01:32] White has an edge.} 9. Nfxd4 Nxd4 10. Nxd4 Qc7 11. Qe2 Bd6 12. Nf3 Ne7 13. Re1 Ng6 {[%emt 0:04:08] [#]} 14. Bb3 $146 ({Predecessor:} 14. Bd2 Bd7 15. Rad1 O-O 16. Bd3 Bc6 17. Bxg6 hxg6 18. h3 Rad8 19. Bc3 Bd5 20. Ng5 {0-1 (66) Promyshlyanskiy,V (2303)-Spiess,G (2435) Germany 2018}) 14... O-O 15. h4 b6 16. Ng5 (16. c3 $11) 16... h6 $1 $15 17. Ne4 Bh2+ (17... Nxh4 $2 18. Nxd6 Qxd6 19. Qe4 $16) 18. Kh1 Bf4 ({Don't play} 18... Nxh4 19. Qh5 Nxg2 20. Kxg2 $16) 19. Qg4 Bxc1 20. Raxc1 Kh8 (20... a5 {seems wilder.} 21. a4 Bb7 22. Bxe6 Ne5) 21. Rcd1 e5 22. Qg3 {[%emt 0:00:18] aiming for Nd6.} Qe7 ({Black should play} 22... Bf5 $14) 23. Nd6 $16 {[%emt 0:02:28] h5 is the strong threat. White is better.} Be6 {[%emt 0:10:25] [#]} 24. h5 $1 {[%emt 0:02:15] White is much more active.} Nf4 25. Rxe5 Qf6 {[%emt 0:00:03] [#]} 26. Bxe6 {[%emt 0:01:53] Weighted Error Value: White=0.08 (flawless) /Black=0.10 (very precise)} 1/2-1/2